 Seeded DCSS version 0.30-a0-930-gb9d0489357 (webtiles) character file.

Game seed: 3125986916090331667 (custom seed)

28 Parcival the Covered (level 3, 33/33 HPs)
             Began as a Minotaur Fighter on Mar 23, 2023.
             Quit the game on level 1 of the Dungeon.
             The game lasted 00:02:04 (667 turns).

Parcival the Covered (Minotaur Fighter)              Turns: 667, Time: 00:02:04

Health: 33/33      AC:  7    Str: 20    XL:     3   Next: 0%
Magic:  2/2        EV:  9    Int:  5    God:
Gold:   43         SH:  4    Dex: 11    Spells: 2/2 levels left

rFire   . . .      SeeInvis .    e - +5 long sword (vamp) {pLUCK}
rCold   . . .      Faith    .    c - +0 buckler
rNeg    . . .      Spirit   .    b - +0 scale mail
rPois   .          Reflect  .    (helmet restricted)
rElec   .          Rampage  .    (no cloak)
rCorr   .                        (no gloves)
Will    .....                    (no boots) Stlth
                                 (no amulet)
HPRegen 0.25/turn                (no ring)
MPRegen 0.08/turn                (no ring)

@: no status effects
A: horns 2, retaliatory headbutt
a: no special abilities


You were on level 1 of the Dungeon.
You visited 1 branch of the dungeon, and saw 1 of its levels.

You collected 43 gold pieces.

Inventory:

Hand Weapons
 a - a +0 war axe
 e - a +5 vampiric long sword (weapon) {pLUCK}
Armour
 b - a +0 scale mail (worn)
 c - a +0 buckler (worn)
Jewellery
 f - a +6 ring of strength
 j - an amulet of magic regeneration
Scrolls
 h - a scroll of identify {unknown}
 i - a scroll of brand weapon {unknown}
Potions
 d - a potion of might
 g - a potion of heal wounds {unknown}


   Skills:
 + Level 3.8 Fighting
 + Level 0.2 Long Blades
 + Level 2.5 Axes
 + Level 4.4 Armour
 + Level 0.1 Stealth
 + Level 4.1 Shields


You had 2 spell levels left.
You didn't know any spells.
Your spell library was empty.

Dungeon Overview and Level Annotations

Branches:
Dungeon (1/15)

Altars:


Innate Abilities, Weirdness & Mutations

You have a pair of horns on your head.
You reflexively headbutt those who attack you in melee.


Message History

You see here a +0 club.
j - an amulet of magic regeneration
Found a ring mail.
You see here a +0 ring mail.
You now have 43 gold pieces (gained 7).
A kobold comes into view. It is wielding a +0 whip.
The kobold throws a stone.
The stone hits you but does no damage.
A kobold is nearby!
The kobold throws a stone.
The stone hits you but does no damage.
An endoplasm comes into view.
The endoplasm quivers.
The kobold throws a stone.
You block the stone. The endoplasm hits you.
The endoplasm attacks as you move away! The endoplasm hits you.
You block the kobold's attack.
You hit the kobold.
You feel better.
You kill the kobold!
The endoplasm freezes you.
You are frozen.
Things that are here:
a +0 whip; 5 stones; a kobold corpse The endoplasm attacks as you move away!
You block the endoplasm's attack.
You hit the endoplasm.
The endoplasm is heavily wounded.
The endoplasm hits you but does no damage.
The endoplasm hits you.
An endoplasm is nearby!
You hit the endoplasm.
The endoplasm is almost dead.
The endoplasm barely misses you. You furiously retaliate!
You headbutt the endoplasm.
You kill the endoplasm!
You have reached level 3!
Your experience leads to an increase in your attributes!
Increase (S)trength, (I)ntelligence, or (D)exterity?
You feel agile. x2
You see here a +0 club.
Done exploring.
Done exploring.
Done exploring.
Are you sure you want to abandon this character and quit the game? (Confirm with "yes".)

###.#### #.##..
############ #.##.#
##.##.......# #.##.#
##...#.#####.# #.....
##......#####.# ####.#
#..........##.# #..
##..#...##.##.# ###
####.###.@##.##.# ##
#...## ##.>.....# #.
#.##.###..##.#.###### #.
#.###.#.#.##........# ##.
#..###.##.####.####.####..
##)# ####.####.##.........
#.# #......##..)....#. #.#
#.....###...)#.... #.###
#.[..........>....


There were no monsters in sight!

Vanquished Creatures
  A gnoll (D:1)
  3 endoplasms (D:1)
  A hobgoblin (D:1)
  3 kobolds (D:1)
  2 ball pythons (D:1)
  2 bats (D:1)
  5 goblins (D:1)
  2 rats (D:1)
19 creatures vanquished.

Notes
Turn   | Place    | Note
-------+----------+-------------------------------------------
     0 | D:1      | Parcival the Minotaur Fighter began the quest for the Orb.
     0 | D:1      | Reached XP level 1. HP: 19/19 MP: 0/0
    23 | D:1      | Identified a scroll of acquirement
    23 | D:1      | Acquired a +5 vampiric long sword
   169 | D:1      | Reached XP level 2. HP: 27/27 MP: 1/1
   567 | D:1      | Reached XP level 3. HP: 29/33 MP: 2/2
   667 | D:1      | Quit the game

Illustrated notes

Levels and vault maps discovered:
D:1:      amcnicky_arrival_single_pillar, layout_loops_cross,
          hangedman_glass_garden

Skill      XL: |  1  2 |
---------------+-------+-----
Shields        | 4 |  4.1
Armour         | 4 |  4.4
Fighting       | |  3.8
Long Blades    | |  0.2
Axes           | |  2.5
Stealth        | |  0.1

Action                     || total
---------------------------++-------
  Melee: Long sword        ||    24
         Headbutt          ||     3
         War axe           ||     1
    Use: Scroll            ||     1
 Armour: Scale mail        ||    13
  Dodge: Dodged            ||     7
  Block: Buckler           ||     8

Table legend: (Time is in decaauts)
 A = Elapsed time spent in this place.
 B = Non-inter-level travel time spent in this place.
 C = Inter-level travel time spent in this place.
 D = Time resting spent in this place.
 E = Time spent auto-exploring this place.
 F = Levels seen in this place.
 G = Mean time per level.
                   A        B        C        D        E       F      G
               +--------+--------+--------+--------+--------+-----+--------+
         Total |    677 |    677 |      0 |      0 |    515 |   1 |  677.0 |
       Dungeon |    677 |    677 |      0 |      0 |    515 |   1 |  677.0 |
               +--------+--------+--------+--------+--------+-----+--------+

Top non-repeatable levels by time:
     D:1: 677 daAuts
